 Dungeon Crawl Stone Soup version 0.20-a0-548-g4f8a798 (webtiles) character file.

14710 Amnesiac the Cruncher (level 11, -3/93 HPs)
             Began as a Mummy Gladiator on Feb 1, 2017.
             Was an Initiate of Gozag.
             Hit by a large rock thrown by a cyclops (18 damage)
             ... on level 2 of the Orcish Mines.
             The game lasted 00:18:45 (10611 turns).

Amnesiac the Cruncher (Mummy Gladiator)            Turns: 10611, Time: 00:18:46

Health: -3/93      AC: 15    Str: 18    XL:     11   Next: 92%
Magic:  11/11      EV:  6    Int:  7    God:    Gozag
Gold:   2636       SH:  0    Dex: 19    Spells: 10/10 levels left

rFire    . . .     SeeInvis .   F - +4 quarterstaff (chaos)
rCold    + . .     Gourm    .   z - +0 plate armour
rNeg     + + +     Faith    .   (shield currently unavailable)
rPois    ∞         Spirit   .   c - +0 helmet
rElec    .         Reflect  .   G - +1 cloak
rCorr    .         Harm     .   l - +0 pair of gloves
MR       +....                  H - +0 pair of boots
Stlth    ..........             h - amulet of regeneration
Regen    0.7/turn               j - ring of protection from fire
                                u - +2 ring of dexterity

@: gold aura, very slightly contaminated
A: no food or potions, fire vulnerability, cold resistance 1, negative energy
resistance 3, torment resistance, unbreathing
a: Potion Petition, Call Merchant, Bribe Branch, Renounce Religion


You were on level 2 of the Orcish Mines.
You worshipped Gozag.
Gozag was most pleased with you.
You were not hungry.

You visited 3 branches of the dungeon, and saw 14 of its levels.
You also visited: Ossuary.

You collected 3595 gold pieces.
You paid 959 gold pieces to Gozag.

Inventory:

Hand Weapons
 b - the +5 whip "Kutrah" {freeze, *Noise rElec rPois rN+++, unknown}
   (You found it on level 8 of the Dungeon)

   It has been specially enchanted to freeze those struck by it, causing extra
   injury to most foes and up to half again as much damage against particularly
   susceptible opponents.
   It can also slow down cold-blooded creatures.
   It insulates you from electricity.
   It protects you from poison.
   It renders you almost immune to negative energy.
   It may make noises in combat.
 y - a +2 dagger of electrocution
 F - a +4 quarterstaff of chaos (weapon)
Missiles
 d - 2 throwing nets (quivered)
 x - 5 poisoned javelins
Armour
 c - a +0 helmet (worn)
 l - a +0 pair of gloves (worn)
 z - a +0 plate armour (worn)
 G - a +1 cloak (worn)
 H - a +0 pair of boots (worn)
Jewellery
 a - an uncursed ring of wizardry
 h - an amulet of regeneration (around neck)
 j - a ring of protection from fire (right hand)
 u - a +2 ring of dexterity (left hand)
 v - an uncursed ring of flight
 D - an uncursed ring of fire
Wands
 o - a wand of polymorph (12/24)
 p - a wand of iceblast (4/15)
 r - a wand of lightning (5/15)
 C - a wand of confusion (31/48)
 K - a wand of random effects (25/48)
Scrolls
 e - 20 scrolls of identify {unknown}
 f - 5 scrolls of remove curse {unknown}
 g - 2 scrolls of recharging {unknown}
 i - 2 scrolls of random uselessness {unknown}
 k - 4 scrolls of enchant weapon {unknown}
 n - 5 scrolls of enchant armour {unknown}
 q - 5 scrolls of amnesia {unknown}
 s - 2 scrolls of fog {unknown}
 t - 9 scrolls of teleportation
 w - 2 scrolls of blinking {unknown}
 I - a scroll of fear {unknown}
 J - a scroll of vulnerability {unknown}
Books
 m - a book of Minor Magic

   Spells                             Type                      Level
   a - Magic Dart                     Conjuration                  1
   b - Blink                          Translocation                2
   c - Call Imp                       Summoning                    2
   d - Repel Missiles                 Charms/Air                   2
   e - Slow                           Hexes                        2
   f - Conjure Flame                  Conjuration/Fire             3
   g - Mephitic Cloud                 Conjuration/Poison/Air       3
 A - a book of Air

   Spells                             Type                      Level
   a - Shock                          Conjuration/Air              1
   b - Swiftness                      Charms/Air                   2
   c - Repel Missiles                 Charms/Air                   2
   d - Static Discharge               Conjuration/Air              3
   e - Lightning Bolt                 Conjuration/Air              5
 B - a book of Changes

   Spells                             Type                      Level
   a - Beastly Appendage              Transmutation                1
   b - Sticks to Snakes               Transmutation                2
   c - Spider Form                    Transmutation/Poison         3
   d - Ice Form                       Ice/Transmutation            4
   e - Blade Hands                    Transmutation                5
 E - a book of Conjurations

   Spells                             Type                      Level
   a - Magic Dart                     Conjuration                  1
   b - Searing Ray                    Conjuration                  2
   c - Dazzling Spray                 Conjuration/Hexes            3
   d - Fulminant Prism                Conjuration/Hexes            4
   e - Iskenderun's Mystic Blast      Conjuration                  4
   f - Iskenderun's Battlesphere      Conjuration/Charms           5


   Skills:
 + Level 11.2 Fighting
 * Level 13.2 Staves
 - Level 1.5 Throwing
 - Level 2.4 Dodging


You had 10 spell levels left.
You didn't know any spells.

Dungeon Overview and Level Annotations

Branches:
Dungeon (11/15)            Temple (1/1) D:4            Lair (0/6) D:8
    Orc (2/2) D:11
    Elf: Orc:2

Altars:
Ashenzari
Cheibriados
Dithmenos
Elyvilon
Fedhas
Gozag
Hepliaklqana
Kikubaaqudgha
Makhleb
Nemelex Xobeh
Okawaru
Qazlal
Ru
Sif Muna
Uskayaw
Vehumet
Xom
Yredelemnul
Zin
Beogh

Shops:
D:11 (   Orc:1 (

Annotations:
Temple Edmund


Innate Abilities, Weirdness & Mutations

You do not eat or drink.
Your flesh is vulnerable to fire.
You are immune to poison.
Your flesh is cold resistant. (rC+)
You are immune to negative energy. (rN+++)
You are immune to unholy pain and torment.
You can survive without breathing.


Message History

The orc wizard hits you but does no damage.
Found 19 gold pieces.
There is a stone staircase leading down here.
You sock the orc wizard!
You feel better.
You kill the orc wizard!
The orc knight shouts!
An orc warrior comes into view. It is wielding a halberd.
The orc warrior shouts!
There is a stone staircase leading down here.
The orc knight roars a battlecry!
The orcs go into a battle-frenzy!
The troll shouts!
The orc warrior is distracted by the nearby gold.
You climb downwards.
The cyclops throws a large rock.
The large rock hits you!!
* * * LOW HITPOINT WARNING * * *
There is a stone staircase leading up here.
You see here 2 large rocks.
The cyclops throws a large rock.
The large rock hits you!!
You die...
Your body crumbles into a pile of gold.

##.## ###..$#.## #
#...####.#......###
#..#.#...#.#...##.
#$.............###
#.......$.....##..
#....#.$..........
##......C..........
#.....#[##.........
##@#.<.............
###...............
##....#.........
#..............
##.............
##............
...##..#.....
##.##.........
#.........


You could see a cyclops.

Vanquished Creatures
  A two-headed ogre (D:11)
  An unseen horror (D:10)
  The ghost of Graouh the Cleaver, a novice MiFi (D:6)
  A cyclops (Orc:1)
  Joseph (D:8)
  4 trolls
  A queen bee (D:9)
  A hornet (D:11)
  A slime creature (D:10)
  Sigmund (D:4)
  A shadow (D:11)
  11 yaks (D:11)
  A wraith (D:10)
  2 vampire mosquitoes (D:9)
  3 wargs
  An acid dragon (D:11)
  2 black bears
  3 ice beasts
  13 orc warriors
  2 phantoms
  An eye of draining (D:11)
  11 ogres
  3 centaurs
  6 big kobolds
  2 elf zombies (Ossuary)
  3 bullfrogs
  4 gnoll sergeants (D:11)
  2 scorpions
  A water moccasin skeleton (D:4)
  26 killer bees
  7 wights (D:9)
  8 howler monkeys
  4 crimson imps
  2 centaur zombies
  9 hounds
  A gnoll shaman (D:6)
  9 orc priests
  Crazy Yiuf (D:5)
  A human zombie (Ossuary)
  Jessica (D:2)
  A bullfrog skeleton (D:9)
  3 iguanas
  17 orc wizards
  10 worker ants
  2 mummies (Ossuary)
  2 hound skeletons
  A worker ant zombie (D:11)
  10 gnolls
  18 adders
  3 shadow imps
  3 oozes
  4 adder zombies
  A worm (D:3)
  A dart slug (D:1)
  4 leopard geckos
  70 orcs
  6 giant cockroaches
  10 goblins
  9 hobgoblins
  16 jackals
  25 kobolds
  5 quokkas
  A ball python skeleton (D:5)
  3 bats (D:1)
  4 frilled lizards
  2 goblin zombies (Ossuary)
  7 hobgoblin zombies (Ossuary)
  A jackal skeleton (D:8)
  4 jackal zombies (Ossuary)
  9 kobold zombies (Ossuary)
  9 orc zombies (Ossuary)
  5 rats
  A fungus (D:5)
421 creatures vanquished.

Vanquished Creatures (others)
  An orc wizard (Orc:1)
1 creature vanquished.

Grand Total: 422 creatures vanquished

Notes
Turn   | Place    | Note
-------+----------+-------------------------------------------
     0 | D:1      | Amnesiac the Mummy Gladiator began the quest for the Orb.
     0 | D:1      | Reached XP level 1. HP: 16/16 MP: 1/1
   135 | D:3      | Reached XP level 2. HP: 12/22 MP: 2/2
   259 | D:4      | Found a staircase to the Ecumenical Temple.
   287 | D:4      | Noticed Edmund
   296 | Temple   | Entered the Ecumenical Temple
   392 | D:3      | Reached skill level 3 in Staves
   403 | D:3      | Found a shattered altar of Ashenzari.
   413 | D:3      | Reached XP level 3. HP: 22/28 MP: 3/3
   488 | D:3      | Found a sparkling altar of Nemelex Xobeh.
   563 | D:3      | Reached XP level 4. HP: 30/35 MP: 4/4
   766 | Temple   | Became a worshipper of Gozag Ym Sagoz the Greedy
  1128 | D:4      | Reached skill level 4 in Staves
  1165 | D:4      | Reached XP level 5. HP: 35/41 MP: 5/5
  1343 | D:4      | Noticed Sigmund
  1401 | D:4      | Killed Sigmund
  1401 | D:4      | Reached skill level 5 in Staves
  1401 | D:4      | Reached XP level 6. HP: 40/48 MP: 6/6
  1473 | D:2      | Found a burning altar of Makhleb.
  1536 | D:2      | Found an iron altar of Okawaru.
  2969 | D:2      | Noticed Jessica
  2976 | D:2      | Killed Jessica
  3563 | D:4      | Reached XP level 7. HP: 55/55 MP: 7/7
  3917 | D:5      | Entered Level 5 of the Dungeon
  3962 | D:5      | Found an opulent altar of Gozag.
  3997 | D:5      | Reached skill level 6 in Staves
  4237 | D:5      | Reached skill level 5 in Fighting
  4448 | D:5      | Reached XP level 8. HP: 63/63 MP: 8/8
  4592 | D:5      | Found a runed door.
  4596 | D:5      | Noticed Crazy Yiuf
  4601 | D:5      | Killed Crazy Yiuf
  4702 | D:6      | Reached skill level 7 in Staves
  4730 | D:6      | Found a sand-covered staircase.
  4737 | Ossuary  | Entered an ossuary
  5070 | D:6      | Found a radiant altar of Vehumet.
  5272 | D:6      | Reached skill level 8 in Staves
  5350 | D:6      | Noticed Graouh's ghost (novice MiFi)
  5442 | D:6      | Killed Graouh's ghost
  5442 | D:6      | Reached XP level 9. HP: 43/72 MP: 9/9
  5618 | D:6      | Found a shadowy altar of Dithmenos.
  6047 | D:7      | Reached skill level 9 in Staves
  6773 | D:8      | Noticed Joseph
  6789 | D:8      | Killed Joseph
  6810 | D:8      | Got an iridescent whip
  6918 | D:8      | Found a staircase to the Lair.
  6925 | D:8      | Reached skill level 10 in Staves
  7322 | D:8      | Reached XP level 10. HP: 82/82 MP: 10/10
  7790 | D:9      | Reached skill level 11 in Staves
  8350 | D:10     | Entered Level 10 of the Dungeon
  8500 | D:10     | Noticed a two-headed ogre
  8507 | D:10     | a two-headed ogre changed into a slime creature
  8553 | D:10     | Killed an unseen horror
  8646 | D:10     | Reached XP level 11. HP: 86/90 MP: 11/11
  8952 | D:11     | Reached skill level 10 in Fighting
  9089 | D:11     | Reached skill level 12 in Staves
  9225 | D:11     | Found Todig's Antique Weapon Emporium.
  9262 | D:11     | Noticed a two-headed ogre
  9274 | D:11     | Killed a two-headed ogre
  9328 | D:11     | Found a staircase to the Orcish Mines.
  9802 | Orc:1    | Entered Level 1 of the Orcish Mines
  9802 | Orc:1    | Found a roughly hewn altar of Beogh.
  9876 | Orc:1    | Reached skill level 13 in Staves
  9884 | Orc:1    | HP: 2/93 [troll (4)]
 10292 | Orc:1    | Noticed an orc knight
 10292 | Orc:1    | Noticed a two-headed ogre
 10292 | Orc:1    | Noticed an orc warlord
 10498 | Orc:1    | Noticed an orc warlord
 10507 | Orc:1    | Found Quod's Antique Weapon Shop.
 10513 | Orc:2    | Entered Level 2 of the Orcish Mines
 10611 | Orc:2    | Hit by a large rock thrown by a cyclops

Vault maps used:
D:1:      saegor_arrival_simple_a
D:2:      minmay_door_path, bloody_makhleb, kennysheep_okawaru_gauntlet,
          uniq_jessica
D:3:      nicolae_overflow_crystal_walls, serial_curves, eino_curves_01,
          eino_curves_03, minmay_misc_feat_diagonals,
          nemelex_diamond_rough_becter
D:4:      temple_pool_b, first_bread, uniq_sigmund, uniq_edmund
D:5:      grunt_gozag_statues, uniq_crazy_yiuf_cottage
D:6:      kennysheep_mini_moat, nicolae_dithmenos_through_a_glass_darkly,
          chequers_ossuary_entry_cave
D:8:      erik_lair_orcish_takeover, uniq_joseph
D:9:      special_room
D:11:     kennysheep_orc_monster_closet_entryway, serial_shops, shop_fountains
Temple:   eino_temple_rhombus
Orc:1:    serial_shops, shop, basic_altar, minmay_orc_treasury
Orc:2:    grunt_orc_tribal_feast
Ossuary:  ossuary_tomb_1

Skill      XL: |  1  2  3  4  5  6  7  8  9 10 11 |
---------------+----------------------------------+-----
Staves         | 3 4 5 6 8 10 11 13 | 13.2
Fighting       | 3 4 5 7 8 9 11 | 11.2
Throwing       | |  1.5
Dodging        | |  2.4

Action                   |  1- 3 |  4- 6 |  7- 9 | 10-12 || total
-------------------------+-------+-------+-------+-------++-------
Melee: Quarterstaff      |    63 |   202 |   443 |   767 ||  1475
       Trident           |       |     8 |       |       ||     8
Throw: Throwing net      |       |       |     1 |     2 ||     3
Invok: Potion Petition   |       |       |       |     2 ||     2
Evoke: Wand              |       |     2 |       |       ||     2
  Use: Scroll            |       |       |       |     1 ||     1
 Stab: Sleeping          |     1 |     4 |       |       ||     5
       Distracted        |       |       |     4 |     6 ||    10
       Paralysed         |       |       |     3 |     5 ||     8
       Petrifying        |       |       |     2 |     1 ||     3
       Petrified         |       |       |     3 |     3 ||     6
       Confused          |       |       |     1 |     1 ||     2
       Held in net/web   |       |       |       |     2 ||     2
Armor: Leather armour    |    32 |    61 |       |       ||    93
       Plate armour      |       |    16 |   241 |   451 ||   708
Dodge: Dodged            |    80 |   130 |    92 |   202 ||   504
